 Dungeon Crawl Stone Soup version 0.28-a0-1387-g3a22ab9bdc (webtiles) character file.

Game seed: 13562746166629872957

91 tilp the Chiller (level 4, 18/18 HPs)
             Began as a Felid Ice Elementalist on Jan 2, 2022.
             Quit the game on level 3 of the Dungeon.
             The game lasted 00:03:21 (2461 turns).

tilp the Chiller (Felid Ice Elementalist)           Turns: 2461, Time: 00:03:21

Health: 18/18      AC:  1    Str:  4    XL:     4   Next: 34%
Magic:  9/9        EV: 17    Int: 24    God:
Gold:   72         SH:  0    Dex: 17    Spells: 2/9 levels left
                                        Lives:  0   Deaths: 1

rFire   . . .      SeeInvis +     - Unarmed
rCold   . . .      Faith    .   (shield unavailable)
rNeg    . . .      Spirit   .   (armour unavailable)
rPois   .          Reflect  .   (helmet unavailable)
rElec   .          Harm     .   (cloak unavailable)
rCorr   .          Rampage  .   (gloves unavailable)
Will    .....                   (boots unavailable)
Stlth   ++........              (no amulet)
HPRegen 0.06/turn               f - +6 ring of intelligence
MPRegen 0.11/turn               (no ring)

@: quick
A: very small, claws 1, fangs 3, see invisible, speed 1, shaggy fur 1, stealthy
paws, no weapons or thrown items, no armour, multi-lived
a: no special abilities


You were on level 3 of the Dungeon.
You visited 1 branch of the dungeon, and saw 3 of its levels.

You collected 72 gold pieces.

Inventory:

Jewellery
 f - a +6 ring of intelligence (left paw)
Scrolls
 a - 2 scrolls of immolation
Potions
 b - a potion of curing
 c - 2 potions of lignification {unknown}
 d - a potion of degeneration {unknown}
 h - a potion of flight {unknown}
 i - a potion of cancellation {unknown}


   Skills:
 - Level 2.6 Dodging
 - Level 2.6 Stealth
 - Level 2.0 Unarmed Combat
 - Level 3.0 Spellcasting
 * Level 5.2 Ice Magic


You had 2 spell levels left.
You knew the following spells:

 Your Spells              Type           Power      Damage    Failure   Level
a - Freeze                Ice            100%       1d11      1%          1
b - Frozen Ramparts       Ice            56%        1d7       3%          3
c - Ozocubu's Armour      Ice            28%        N/A       3%          3

Your spell library contained the following spells:

 Spells                   Type           Power      Damage    Failure   Level
 Hailstorm                Conj/Ice       16%        3d6       36%         4


Dungeon Overview and Level Annotations

Branches:
Dungeon (3/15)

Altars:


Innate Abilities, Weirdness & Mutations

You have sharp claws.
You have razor-sharp teeth.
You have supernaturally acute eyesight. (SInv)
You cover ground quickly. (Speed+)
You are covered in fur. (AC +1)
Your paws help you pounce on unaware monsters.
You are incapable of wielding weapons or throwing items.
You cannot wear armour.
You gain extra lives every three experience levels.


Message History

Unknown command.
a - 2 scrolls of immolation (gained 1)
An orc priest comes into view. It is wielding a +0 hand axe.
An orc wizard comes into view. It is wielding a +0 dagger.
You see here 3 gold pieces.
An endoplasm and an orc come into view.
The endoplasm quivers.
The orc priest mumbles some strange prayers to Beogh against you.
Beogh smites you!
Ouch! That really hurt!
* * * LOW HITPOINT WARNING * * *
The orc wizard shouts!
You hear a shout! x2
Casting: Freeze (safe; 1% risk of failure)
Confirm with . or Enter, or press ? or * to list all spells.
The spell is quite dangerous to miscast (3% risk of failure)!
Continue anyway?
Casting: Frozen Ramparts (quite dangerous; 3% risk of failure)
Press: ? - help, Dir - look around, f - activate The walls around you are covered in ice.
A kobold comes into view. It is wielding a +0 dagger.
The orc wizard gestures wildly while chanting.
The orc wizard flickers and vanishes for a moment.
The wall freezes the orc priest.
An orc comes into view. It is wielding a +0 war axe.
Unknown command.
Unknown command.
Casting: Frozen Ramparts (quite dangerous; 3% risk of failure)
Confirm with . or Enter, or press ? or * to list all spells.
Aiming: Freeze (safe; 1% risk of failure)
Press: ? - help, Shift-Dir - straight line, f - orc priest
Aim: an orc priest, wielding a +0 hand axe (lightly wounded)
You freeze the orc priest.
The orc priest is heavily wounded.
The wall freezes the orc priest.
The orc priest mumbles some strange prayers to Beogh against you.
Pain shoots through your body!
You die...
You are now level 4!
You rejoin the land of the living...
Found 18 bolts.
Are you sure you want to abandon this character and quit the game? (Confirm with "yes".)

#. ♣ #
#########
........#
#@# #.#
#.# . #(#
.. #.# ##
#.# ..#
###


There were no monsters in sight!

Vanquished Creatures
  A black bear (D:3)
  An adder (D:2)
  4 gnolls (D:2)
  A dart slug (D:1)
  6 endoplasms
  3 giant cockroaches
  A hobgoblin (D:1)
  3 jackals (D:1)
  A quokka (D:2)
  2 ball pythons (D:1)
  7 bats
  2 frilled lizards
  4 goblins
  5 kobolds
  2 rats
43 creatures vanquished.

Notes
Turn   | Place    | Note
-------+----------+-------------------------------------------
     0 | D:1      | tilp the Felid Ice Elementalist began the quest for the
                  | Orb.
     0 | D:1      | Reached XP level 1. HP: 7/7 MP: 4/4
   291 | D:1      | Reached skill level 1 in Unarmed Combat
   480 | D:1      | Reached XP level 2. HP: 9/11 MP: 1/6
  1186 | D:1      | Reached XP level 3. HP: 14/14 MP: 2/7
  1191 | D:1      | Learned a level 3 spell: Frozen Ramparts
  1589 | D:2      | Reached skill level 4 in Ice Magic
  1905 | D:2      | Reached XP level 4. HP: 18/18 MP: 4/8
  2047 | D:2      | Learned a level 3 spell: Ozocubu's Armour
  2321 | D:2      | Found a faded altar of an unknown god.
  2353 | D:3      | Noticed a black bear
  2358 | D:3      | Killed a black bear
  2359 | D:3      | Reached skill level 5 in Ice Magic
  2359 | D:3      | Reached XP level 5. HP: 15/21 MP: 3/10
  2460 | D:3      | Killed from afar by an orc priest
  2461 | D:3      | Reached XP level 4. HP: -3/18 MP: 6/9
  2461 | D:3      | Quit the game

Illustrated notes

Levels and vault maps discovered:
D:1:      lightli_arrival_boilingwater, layout_basic
D:2:      layout_basic, dreamdust_ecumenical_altar_hidden_monk_grotto
D:3:      layout_loops_ring, grunt_temple_overflow_octagram,
          portal_sewer_entry_f, small_statue_intersection,
          grunt_decor_mini_mirrors, serial_bayou_ford_a

Skill      XL: |  1  2  3  4 |
---------------+-------------+-----
Unarmed Combat | 1 2 |  2.0
Ice Magic      | 4 5 |  5.2
Spellcasting   | 3 |  3.0
Dodging        | |  2.6
Stealth        | |  2.6

Action                   |  1- 3 |  4- 6 || total
-------------------------+-------+-------++-------
Melee: Unarmed           |     9 |     3 ||    12
       Bite              |     1 |       ||     1
 Cast: Freeze            |    47 |     7 ||    54
       Frozen Ramparts   |     1 |     3 ||     4
  Use: Scroll            |     4 |     3 ||     7
 Stab: Sleeping          |     3 |     2 ||     5
Armor: Skin              |     4 |       ||     4
Dodge: Dodged            |    39 |    12 ||    51

Table legend: (Time is in decaauts)
 A = Elapsed time spent in this place.
 B = Non-inter-level travel time spent in this place.
 C = Inter-level travel time spent in this place.
 D = Time resting spent in this place.
 E = Time spent auto-exploring this place.
 F = Levels seen in this place.
 G = Mean time per level.
                   A        B        C        D        E       F      G
               +--------+--------+--------+--------+--------+-----+--------+
         Total |   2177 |   2148 |     29 |    306 |   1470 |   3 |  725.7 |
       Dungeon |   2177 |   2148 |     29 |    306 |   1470 |   3 |  725.7 |
               +--------+--------+--------+--------+--------+-----+--------+

Top non-repeatable levels by time:
     D:1: 1252 daAuts
     D:2: 833 daAuts
     D:3: 91 daAuts
